Map: Waterfall

Players

Oberoth

  • Race: Protoss Protoss
  • Spawn Location: 7:00

ByuN - Winner!

  • Race: Terran Terran
  • Spawn Location: 1:00

Event: DreamHack SC2 Masters 2022 Atlanta (Offline)

VOD

Have the link to the VOD?

Description

Time

  • Played on: Nov. 18, 2022, 9:48 a.m.
  • Length: 6:19

All games in this series

Show
View Real Time Build Order
Export as new Build Order

Oberoth Protoss 

Build Orders:  

Get SALT Encoding   

  12  0:00  Probe  
  13  0:12  Probe  
  14  0:18  Pylon  
  14  0:24  Probe  
  15  0:37  Gateway  
  15  0:38  Probe (Chrono Boost)  
  16  0:47  Probe (Chrono Boost)  
  16  0:48  Assimilator  
  17  0:52  Probe (Chrono Boost)  
  18  0:58  Pylon  
  18  1:08  Probe  
  19  1:17  Gateway  
  19  1:26  Cybernetics Core  
  19  1:30  Zealot  
  21  1:41  Probe  
  21  1:46  Assimilator  
  22  1:53  Probe  
  23  2:01  Stalker (Chrono Boost)  
  23  2:02  Stalker (Chrono Boost)  
  27  2:10  Shield Battery  
  27  2:12  Probe  
  27  2:14  Warp Gate  
  28  2:33  Pylon  
  28  2:35  Probe  
  29  2:41  Stalker  
  30  2:51  Stalker  
  28  3:11  Stalker  
  29  3:21  Probe, Stalker  
  30  3:33  Probe  
  29  3:46  Probe, Gateway  
  34  3:56  Robotics Facility  
  30  4:12  Stalker  
  32  4:20  Stalker  
  32  4:22  Pylon  
  34  4:25  Pylon  
  34  4:26  Pylon  
  30  4:42  Stalker x2  
  30  4:46  Stalker  
  30  4:52  Warp Prism  
  32  5:10  Adept  
  32  5:11  Stalker  
  32  5:14  Stalker  
  38  5:35  Stalker x2  
  42  5:39  Observer  
  43  5:59  Stalker x3  
Show
View Real Time Build Order
Export as new Build Order

ByuN Terran - Winner!

Build Orders:  

Get SALT Encoding   

  12  0:00  SCV  
  13  0:12  SCV  
  14  0:17  Supply Depot  
  14  0:26  SCV  
  15  0:39  SCV  
  15  0:40  Barracks  
  16  0:43  Refinery  
  16  0:51  SCV  
  16  0:54  Refinery  
  17  1:03  SCV  
  18  1:15  SCV  
  19  1:27  Reaper, Orbital Command  
  19  1:28  Supply Depot  
  20  1:41  Factory  
  20  1:52  SCV  
  21  1:59  Reaper  
  22  2:04  SCV  
  23  2:19  Command Center  
  23  2:22  SCV  
  24  2:26  Hellion  
  26  2:31  Reaper  
  26  2:32  Bunker  
  26  2:34  SCV  
  28  2:44  Command Center  
  28  2:46  SCV  
  29  2:54  Hellion  
  31  3:01  Supply Depot  
  31  3:04  Barracks Reactor, SCV  
  30  3:17  SCV, Starport  
  31  3:20  Factory Tech Lab  
  31  3:27  Supply Depot  
  31  3:29  SCV  
  32  3:40  Marine  
  32  3:41  Cyclone  
  36  3:42  Marine  
  37  3:49  SCV  
  37  3:55  Starport Tech Lab  
  38  4:00  Orbital Command  
  39  4:06  Marine x2  
  40  4:14  SCV, Raven  
  43  4:24  Barracks, Orbital Command, Marine x2  
  43  4:29  Siege Tank  
  47  4:33  SCV  
  46  4:44  Marine x2  
  46  4:45  SCV  
  49  4:49  SCV  
  50  4:57  SCV  
  47  5:01  SCV  
  47  5:02  Bunker  
  47  5:03  Siege Tank  
  47  5:07  Refinery  
  51  5:08  Marine x2  
  51  5:09  SCV  
  51  5:12  Marine  
  51  5:13  SCV  
  56  5:21  SCV  
  56  5:22  Supply Depot  
  56  5:25  Engineering Bay, SCV  
  58  5:29  Marine x2  
  58  5:33  SCV  
  61  5:37  SCV  
  61  5:40  Barracks  
  62  5:44  Siege Tank  
  62  5:45  SCV  
  62  5:48  Supply Depot  
  66  5:50  SCV  
  66  5:53  Marine x2  
  66  5:54  Marine  
  66  5:57  Starport Reactor  
  70  6:00  Supply Depot  
  70  6:02  SCV x2  
Tags
 
Add a new tag
Caveats
  • Supply blocks, unpowered buildings, or Contaminate may cause inaccurate times.
  • Supply counts are checked every 10 seconds.